Map: Éphémèrion EC

Players

Nshake - Winner!

  • Race: Terran Terran
  • Spawn Location: 11:00

IA (difficile)

  • Race: Zerg Zerg
  • Spawn Location: 5:00

VOD

Have the link to the VOD?

Description

Most basic build for banshee harass while expanding and transitioning into either Mech or Bio with upgrades and third.

Cloak banshee does delay hitting 200pop for 20 seconds but if your harass is good (more than 12 workers killed), it's worth it.

They are two ways of harassing with banshees : either you take risks and try to kill more workers, or you make more banshees to be more agressive on the map. For the latter, the key is to keep them alive at any cost, in order to have 6-7 of them and upgrade into speed banshees for more advanced harass (killing bases, killing tumors, etc). Speed banshees are useless in TvP and TvT, but great in TvZ if your plan is to go mech. DON'T LOSE ANY OF THEM.

TvT

• Your banshee is worth if your opponent scans twice to kill it
• Current meta is to go Raven/Cyclone in early : don't take risks and wait for the 6:30 mark for your opponent to push. Build tanks and bunkers at your natural and defend while your banshees go in enemy's mineral lines. If they are turrets, you can either get far from the turret and still harass the workers, or go for the production buildings and kill the lab researching stim for example
• Experience will help you being efficient in harassing. Even if your opponent has Raven/Cyclone, you can have good banshee harass (look for third being planted)

TvP

• Banshees have great value at killing Immortals and zealots in early game
• Protoss players often put observers near your bases and expect ravens. I swear, even at 5k MMR you will find massive worker kills against Protoss because they just don't put observers in their mineral lines. Don't bring banshees into obvious paths to prevent getting scouted too soon
• If you see stargate, stop banshees and make one or two ravens, then transition into medivacs if you go bio
• If you go into mech against Protoss, Banshees can be extremely powerful against Immo/Zealot. You have to focus stalkers with tanks and focus Immos with the banshees

TvZ

• Banshees are not only very good against Zergs that don't expect them, meaning that they don't have spores soon enough (happens 1/3 of the time at 5k MMR), but they are also great at killing tumors
• Try to see workers transfers between bases. There are no spores between the bases and you can basically get 5-6 workers when they are going for another base
• Spores are the worst AA building after Photon cannon, so you can kill a few workers and still prevent your banshee dying
• Your first banshee will most of the time hit before any Overseer : keep in mind that you are therefore in control of any part of the map as long as it's a few meters away from a spore (easy to prevent 4th for example)
• Speed banshees can be a nightmare if played properly. Also, it will force your opponent into going either into hydras or mutas/corruptors, which gives you more control to balance your army between Cyclone/Thors and Tanks

To conclude, banshees can be an effective way to surprise your opponent and get massive worker kills while having a proper transition. Sometimes, you will be lucky and you'll be able to punish any player that doesn't have the proper detection nor anti-air, and sometimes you will get easily countered : keep in mind that banshees are not a huge investment and that they are often worth the cost if your opponent has to scan/build more detection and anti-air.

Time

  • Played on: Aug. 20, 2019, 6:53 p.m.
  • Length: 14:24
Show
View Real Time Build Order
Export as new Build Order

Nshake Terran - Winner!

Build Orders: Banshee Rush 

Get SALT Encoding   

  12  0:00  SCV  
  13  0:13  SCV  
  14  0:17  Supply Depot  
  14  0:25  SCV  
  15  0:30  Refinery  
  15  0:39  SCV  
  16  0:47  Barracks  
  16  0:51  SCV  
  17  1:03  SCV  
  18  1:15  SCV  
  19  1:33  Orbital Command  
  19  1:35  Factory  
  19  1:45  Refinery  
  19  1:51  Reaper  
  20  1:59  SCV  
  21  2:06  Command Center  
  21  2:15  SCV  
  22  2:17  Supply Depot  
  22  2:27  SCV  
  23  2:30  Barracks Reactor  
  23  2:32  Starport  
  23  2:34  Factory Tech Lab  
  23  2:39  SCV  
  24  2:51  SCV  
  25  3:02  Factory Tech Lab  
  25  3:03  SCV  
  26  3:11  Marine x2  
  26  3:12  Refinery  
  28  3:14  Banshee  
  28  3:16  Cloaking Field  
  28  3:17  SCV  
  32  3:24  Orbital Command  
  32  3:29  Marine, SCV  
  32  3:32  Marine  
  35  3:41  SCV  
  35  3:44  Supply Depot  
  35  3:47  Siege Tank  
  39  3:50  SCV  
  39  3:53  Marine  
  39  3:55  Marine  
  42  4:01  Banshee  
  45  4:04  SCV  
  45  4:09  Supply Depot  
  46  4:10  SCV  
  46  4:12  Marine  
  46  4:14  Marine  
  46  4:16  SCV  
  50  4:21  Siege Tank  
  53  4:24  SCV  
  53  4:30  Marine, SCV  
  56  4:32  Marine  
  56  4:33  Supply Depot  
  56  4:36  SCV  
  58  4:43  SCV  
  58  4:44  Raven  
  61  4:48  Marine  
  61  4:51  Supply Depot  
  62  4:54  Marine, SCV  
  62  4:55  SCV  
  62  4:57  Siege Tank  
  68  5:06  Marine  
  68  5:07  SCV  
  70  5:12  Marine, SCV, Supply Depot  
  72  5:19  SCV  
  72  5:20  Supply Depot  
  73  5:24  SCV  
  75  5:29  Siege Tank  
  75  5:32  SCV  
  78  5:36  SCV  
  78  5:40  Command Center  
  79  5:43  Marine, Stimpack  
  79  5:44  SCV, Viking  
  79  5:47  Viking  
  79  5:49  SCV  
  86  5:53  Supply Depot  
  86  5:56  SCV  
  87  6:01  SCV  
  87  6:02  Marine, Siege Tank  
  92  6:09  Supply Depot  
  92  6:11  Refinery  
  92  6:12  Engineering Bay  
  92  6:13  SCV  
  92  6:15  Engineering Bay  
  92  6:16  Supply Depot  
  93  6:22  SCV  
  93  6:23  Marine  
  95  6:26  Viking  
  95  6:27  Viking  
  95  6:29  SCV  
  100  6:37  Supply Depot  
  100  6:41  Siege Tank, Terran Infantry Weapons Level 1  
  100  6:46  Terran Infantry Armor Level 1  
  100  6:47  SCV x2  
  105  6:49  Marine, Supply Depot  
  106  6:54  Orbital Command  
  106  6:57  Barracks  
  106  6:59  SCV x2, Viking  
  110  7:04  Viking  
  112  7:10  Barracks  
  112  7:11  Orbital Command  
  112  7:13  Marine, Siege Tank  
  116  7:16  SCV  
  116  7:18  SCV  
  118  7:24  Combat Shield  
  118  7:28  SCV  
  119  7:31  Marine  
  119  7:33  Viking  
  119  7:34  Viking  
  119  7:35  SCV  
  125  7:39  Supply Depot  
  125  7:40  SCV  
  125  7:41  SCV  
  127  7:47  SCV  
  127  7:49  Marine  
  127  7:50  Refinery  
  129  7:51  Barracks Reactor  
  129  7:52  SCV, Refinery  
  129  7:53  Siege Tank  
  129  7:57  Armory  
  133  7:59  SCV x2  
  133  8:01  Barracks Reactor  
  133  8:02  Supply Depot  
  133  8:04  SCV  
  133  8:05  Supply Depot  
  136  8:09  Marine  
  136  8:10  Viking  
  136  8:11  SCV x2  
  141  8:17  SCV  
  141  8:19  Viking  
  144  8:23  SCV  
  144  8:24  SCV, Supply Depot  
  144  8:26  Siege Tank  
  149  8:29  SCV  
  149  8:30  Barracks  
  149  8:31  Barracks  
  149  8:33  Marine x3  
  153  8:35  SCV  
  153  8:40  Marine x2  
  156  8:41  Barracks  
  156  8:43  Barracks, Terran Infantry Weapons Level 2  
  156  8:45  Terran Infantry Armor Level 2  
  156  8:48  Supply Depot  
  156  8:49  Supply Depot  
  156  8:51  Marine x3  
  156  8:53  Viking  
  161  8:56  Viking  
  161  8:58  Marine, SCV  
  161  8:59  Marine  
  166  9:03  Siege Tank  
  166  9:05  SCV  
  166  9:08  Marine  
  166  9:09  Supply Depot  
  171  9:14  Terran Vehicle Weapons Level 1  
  171  9:16  SCV x2  
  173  9:18  Command Center  
  173  9:19  Marine x2  
  173  9:20  Supply Depot  
  173  9:22  Barracks Reactor x2  
  175  9:27  Marine x2  
  175  9:28  Viking  
  175  9:30  Barracks Reactor x2  
  179  9:32  Marine  
  179  9:35  Viking  
  179  9:37  Marine x2, Supply Depot  
  184  9:40  Siege Tank  
  184  9:45  Marine x2  
  189  9:50  Marine  
  190  9:55  Marine x2  
  187  10:02  Marine  
  187  10:06  Marine x3  
  187  10:07  Marine x6  
  185  10:08  Medivac  
  185  10:09  Medivac  
  185  10:12  Siege Tank  
  198  10:17  Factory  
  198  10:18  Barracks, Starport  
  198  10:19  Barracks  
  198  10:20  Command Center  
  198  10:45  Marine x2  
  198  10:46  Refinery  
  200  11:01  Refinery  
  200  11:09  Factory Tech Lab, Barracks Reactor x2  
  200  11:10  Starport Tech Lab  
  200  11:13  Starport  
  200  11:15  Starport, Terran Infantry Armor Level 3, Terran Infantry Weapons Level 3  
  200  11:16  Planetary Fortress  
  200  11:21  Command Center  
  200  11:32  Command Center  
  200  11:34  Command Center  
  200  11:35  Command Center  
  200  11:42  Terran Vehicle Weapons Level 2  
  200  12:04  Orbital Command  
  200  12:05  Corvid Reactor, Starport Tech Lab x2  
  200  12:13  Starport x2  
  200  12:14  Starport  
  200  12:39  Rapid Reignition System  
  195  13:01  Drilling Claws  
  192  13:14  Orbital Command  
  192  13:15  Orbital Command x2  
  192  13:17  Orbital Command  
Show
View Real Time Build Order
Export as new Build Order

IA (difficile) Zerg 

Build Orders: Hatch First 

Get SALT Encoding   

  12  0:01  Drone  
  13  0:12  Overlord  
  13  0:17  Drone  
  14  0:30  Drone  
  14  0:32  Drone  
  14  0:34  Drone  
  17  0:52  Hatchery  
  17  0:56  Drone  
  17  1:11  Spawning Pool  
  17  1:12  Drone  
  17  1:16  Drone  
  17  1:18  Extractor  
  17  1:20  Drone  
  18  1:27  Overlord  
  18  1:38  Drone  
  19  1:58  Queen  
  19  1:59  Zergling x2  
  19  2:00  Zergling x2  
  23  2:02  Roach Warren  
  23  2:04  Drone  
  23  2:05  Extractor  
  22  2:10  Drone  
  23  2:23  Drone  
  24  2:32  Drone  
  24  2:36  Overlord  
  25  2:41  Drone  
  25  2:42  Roach  
  28  2:44  Roach  
  28  2:47  Drone  
  31  2:58  Roach  
  33  3:00  Drone  
  33  3:05  Drone  
  35  3:09  Overlord  
  35  3:11  Ravager, Lair  
  36  3:16  Ravager  
  37  3:26  Extractor  
  35  3:30  Extractor  
  34  3:38  Drone  
  35  3:41  Drone  
  35  3:44  Drone  
  35  3:48  Roach  
  39  3:51  Evolution Chamber  
  39  3:52  Drone  
  39  3:56  Drone  
  39  4:00  Drone  
  39  4:01  Roach  
  43  4:06  Evolution Chamber  
  43  4:07  Drone  
  43  4:12  Hydralisk Den  
  43  4:15  Roach  
  44  4:20  Overlord  
  44  4:23  Drone  
  45  4:28  Roach  
  47  4:41  Hydralisk  
  49  4:52  Overlord  
  49  4:55  Roach, Drone  
  49  4:59  Drone  
  53  5:02  Drone  
  53  5:05  Drone  
  55  5:08  Hydralisk  
  55  5:11  Drone  
  55  5:12  Drone  
  59  5:17  Overlord  
  59  5:21  Drone  
  60  5:22  Hydralisk  
  60  5:23  Drone  
  60  5:26  Drone  
  64  5:30  Drone  
  65  5:35  Zerg Melee Weapons Level 1  
  65  5:36  Drone  
  65  5:41  Drone  
  67  5:44  Overlord, Drone  
  67  5:47  Drone  
  67  5:48  Drone  
  70  5:52  Drone  
  71  5:58  Zerg Ground Armor Level 1, Drone  
  71  6:03  Drone  
  73  6:09  Drone  
  74  6:12  Burrow  
  74  6:14  Drone  
  74  6:16  Roach  
  74  6:17  Overlord  
  77  6:19  Drone  
  77  6:21  Drone  
  79  6:26  Drone  
  79  6:30  Drone  
  81  6:37  Roach  
  83  6:40  Overlord  
  83  6:50  Roach, Overseer  
  83  6:51  Overseer  
  85  6:56  Baneling Nest  
  85  6:58  Spore Crawler, Drone  
  85  7:00  Overlord  
  84  7:04  Spore Crawler, Roach  
  84  7:07  Spore Crawler, Drone  
  86  7:08  Drone  
  86  7:13  Spore Crawler  
  86  7:14  Drone  
  86  7:16  Queen  
  86  7:17  Roach  
  86  7:19  Overlord  
  90  7:24  Queen  
  90  7:28  Spine Crawler  
  90  7:29  Drone  
  92  7:30  Zerg Missile Weapons Level 1  
  92  7:31  Roach  
  92  7:34  Spine Crawler  
  92  7:36  Infestation Pit, Drone  
  93  7:38  Drone  
  93  7:42  Spine Crawler  
  93  7:43  Drone  
  94  7:44  Hydralisk  
  94  7:47  Spine Crawler  
  94  7:49  Drone  
  96  7:55  Spire  
  96  7:57  Hydralisk  
  97  8:11  Hydralisk  
  99  9:26  Pneumatized Carapace, Hive  
  99  9:27  Overlord  
  99  9:28  Overlord, Glial Reconstitution, Zerg Ground Armor Level 2, Overseer, Zerg Melee Weapons Level 2  
  99  9:29  Zerg Flyer Weapons Level 1  
  99  9:37  Hatchery  
  98  9:46  Overlord  
  98  9:54  Zergling x2  
  88  10:03  Hydralisk  
  58  10:08  Overseer  
  58  10:12  Hydralisk  
  60  10:22  Hydralisk  
  60  10:23  Overseer  
  62  10:31  Hydralisk  
  64  10:40  Hydralisk  
  64  10:41  Ultralisk Cavern  
  65  10:49  Queen, Overseer, Drone  
  66  10:50  Hydralisk  
  66  10:51  Drone  
  66  10:52  Drone  
  66  10:54  Drone  
  66  10:55  Drone  
  66  10:57  Drone  
  75  10:58  Drone  
  75  10:59  Drone  
  75  11:01  Drone  
  75  11:03  Extractor  
  75  11:04  Spore Crawler, Drone  
  77  11:05  Drone  
  77  11:07  Spore Crawler  
  77  11:08  Drone  
  77  11:09  Extractor  
  77  11:10  Drone  
  78  11:23  Zerg Flyer Armor Level 1  
  78  11:27  Drone  
  78  11:28  Drone  
  78  11:29  Ultralisk  
  78  11:31  Drone  
  78  11:32  Spine Crawler  
  86  11:33  Drone  
  86  11:34  Spine Crawler  
  86  11:35  Drone  
  86  11:38  Ultralisk  
  93  11:44  Zerg Missile Weapons Level 2  
  93  11:47  Ultralisk  
  99  11:57  Ultralisk  
  105  12:45  Queen  
  105  12:49  Zergling x2  
  99  12:56  Overlord, Zergling x2  
  70  12:58  Drone  
  70  13:00  Roach, Drone  
  70  13:02  Drone  
  70  13:03  Drone  
  70  13:04  Zergling x2  
  70  13:05  Drone  
  61  13:06  Drone  
  61  13:07  Mutalisk  
  61  13:08  Drone  
  61  13:09  Drone  
  61  13:11  Roach, Drone  
  61  13:12  Drone  
  58  13:14  Drone  
  58  13:15  Drone  
  58  13:16  Zergling x2  
  58  13:17  Mutalisk, Drone  
  58  13:18  Drone  
  64  13:20  Drone  
  64  13:21  Drone  
  64  13:23  Roach, Overseer  
  64  13:25  Overlord  
  61  13:29  Ultralisk  
  49  13:34  Zergling x2  
  49  13:37  Drone  
  49  13:38  Zergling x2  
  37  13:44  Mutalisk  
  33  13:55  Overlord  
  26  14:00  Drone  
Tags
 
Add a new tag
Caveats
  • Supply blocks, unpowered buildings, or Contaminate may cause inaccurate times.
  • Supply counts are checked every 10 seconds.